 Dungeon Crawl Stone Soup version 0.29-a0-857-g9b1aa3ac5b (webtiles) character file.

Game seed: 8361830043308428552

5 xian the Magician (level 1, -1/13 HPs)
             Began as a Demonspawn Hedge Wizard on July 17, 2022.
             Slain by a kobold
             ... wielding a +0 club
              (4 damage)
             ... on level 1 of the Dungeon.
             The game lasted 00:01:18 (288 turns).

xian the Magician (Demonspawn Hedge Wizard)          Turns: 288, Time: 00:01:19

Health: -1/13      AC:  2    Str: 10    XL:     1   Next: 66%
Magic:  2/4        EV: 12    Int: 15    God:
Gold:   1          SH:  0    Dex: 12    Spells: 5/6 levels left

rFire   . . .      SeeInvis .   a - +0 dagger
rCold   . . .      Faith    .   (no shield)
rNeg    . . .      Spirit   .   b - +0 robe
rPois   .          Reflect  .   c - +0 hat
rElec   .          Harm     .   (no cloak)
rCorr   .          Rampage  .   (no gloves)
Will    .....                   (no boots)
Stlth   ++........              (no amulet)
HPRegen 0.04/turn               (no ring)
MPRegen 0.09/turn               (no ring)

@: no status effects
A: no striking features
a: no special abilities


You were on level 1 of the Dungeon.
You visited 1 branch of the dungeon, and saw 1 of its levels.

You collected 15 gold pieces.
You spent 14 gold pieces at shops.

Inventory:

Hand Weapons
 a - a +0 dagger (weapon)
Armour
 b - a +0 robe (worn)
 c - a +0 hat (worn)
 g - a +0 chain mail
Scrolls
 e - a scroll of noise {unknown}
 f - a scroll of identify {unknown}
Potions
 d - a potion of magic
 h - a potion of curing {unknown}


   Skills:
 + Level 1.7 Dodging
 + Level 1.9 Stealth
 + Level 3.2 Spellcasting
 + Level 1.0 Conjurations
 + Level 1.0 Summonings
 + Level 0.8 Translocations


You had 5 spell levels left.
You knew the following spells:

 Your Spells              Type           Power      Damage    Failure   Level
a - Magic Dart            Conj           20%        1d4       13%         1

Your spell library contained the following spells:

 Spells                   Type           Power      Damage    Failure   Level
 Slow                     Hex            8%         N/A       21%         1
 Blink                    Tloc           10%        N/A       21%         2
 Call Imp                 Summ           5%         N/A       21%         2
 Conjure Flame            Conj/Fire      3%         6-21      43%         3
 Mephitic Cloud           Conj/Pois/Air  3%         N/A       45%         3


Dungeon Overview and Level Annotations

Branches:
Dungeon (1/15)

Altars:

Shops:
D:1 (*!


Message History

Thank you for shopping at Yteup's Distillery!
You drop a potion of degeneration.
There is an entrance to Hicah's Antique Weapon Emporium here.
A kobold comes into view. It is wielding a +0 club.
The kobold shouts!
The magic dart hits the kobold but does no damage.
The magic dart hits the kobold.
The kobold is moderately wounded.
You miscast Magic Dart.
You are very lightly contaminated with residual magic.
Nothing appears to happen.
The kobold hits you with a +0 club.
You hit the kobold but do no damage.
The kobold is moderately wounded.
The kobold hits you with a +0 club.
You closely miss the kobold.
The kobold is moderately wounded.
The kobold hits you with a +0 club.
You hit the kobold.
The kobold is heavily wounded.
The kobold closely misses you.
You hit the kobold but do no damage.
The kobold is heavily wounded.
The kobold hits you with a +0 club.
You barely miss the kobold.
The kobold is heavily wounded.
The kobold hits you with a +0 club.
Your magical contamination has completely faded away.
You hit the kobold but do no damage.
The kobold is moderately wounded.
The kobold hits you with a +0 club.
You closely miss the kobold.
The kobold is moderately wounded.
The kobold misses you.
You barely miss the kobold. The kobold hits you with a +0 club.
* * * LOW HITPOINT WARNING * * *
You hit the kobold.
The kobold is severely wounded.
The kobold hits you with a +0 club.
You die...

#.......#
#........ .
####..#.##.##.
#............
#.##..#.##.#
#.##.......#
#.##.......#
#K##...∩..∩# #
##@##.#####.# .#
##...#.# #.##..#
#......#
###.....#
#....#.#
#[..##.##
#.#....###.#....#
#.####.......####
#. ####.#.##
##### #.
#.#.######
....##########.
#.........


You could see a kobold.

Vanquished Creatures
  An endoplasm (D:1)
  A giant cockroach (D:1)
  A goblin (D:1)
  A kobold (D:1)
4 creatures vanquished.

Notes
Turn   | Place    | Note
-------+----------+-------------------------------------------
     0 | D:1      | xian the Demonspawn Hedge Wizard began the quest for the
                  | Orb.
     0 | D:1      | Reached XP level 1. HP: 13/13 MP: 4/4
   236 | D:1      | Found Yrram's General Store.
   257 | D:1      | Found Yteup's Distillery.
   261 | D:1      | Found Hicah's Antique Weapon Emporium.
   263 | D:1      | Bought a potion of degeneration for 14 gold pieces
   288 | D:1      | Slain by a kobold

Illustrated notes

Levels and vault maps discovered:
D:1:      shiori_arrival_oz, layout_loops_ring, serial_shops, shop, shop,
          shop_statue

Action                   || total
-------------------------++-------
Melee: Dagger            ||    15
 Cast: Magic Dart        ||     9
Armor: Robe              ||     1
Dodge: Dodged            ||     7

Table legend: (Time is in decaauts)
 A = Elapsed time spent in this place.
 B = Non-inter-level travel time spent in this place.
 C = Inter-level travel time spent in this place.
 D = Time resting spent in this place.
 E = Time spent auto-exploring this place.
 F = Levels seen in this place.
 G = Mean time per level.
                   A        B        C        D        E       F      G
               +--------+--------+--------+--------+--------+-----+--------+
         Total |    288 |    288 |      0 |      0 |    196 |   1 |  288.0 |
       Dungeon |    288 |    288 |      0 |      0 |    196 |   1 |  288.0 |
               +--------+--------+--------+--------+--------+-----+--------+

Top non-repeatable levels by time:
     D:1: 288 daAuts
